 Dungeon Crawl Stone Soup version 0.30-a0-718-geaa24f58ff (webtiles) character file.

Game seed: 15969546370600267702

492 Irreverend the Ruffian (level 6, -1/60 (62) HPs)
             Began as a Troll Fighter on Jan 25, 2023.
             Was an Initiate of Wu Jian.
             Slain by a wight
             ... wielding a +2 hand axe
              (6 damage)
             ... on level 4 of the Dungeon.
             The game lasted 00:07:02 (1966 turns).

Irreverend the Ruffian (Troll Fighter)              Turns: 1966, Time: 00:07:03

HP:   -1/60 (62)    AC:  4    Str: 25    XL:     6   Next: 91%
MP:   5/5           EV:  8    Int:  6    God:    Wu Jian [......]
Gold: 187           SH:  8    Dex:  9    Spells: 5/5 levels left

rFire   . . .      SeeInvis .      - Unarmed
rCold   . . .      Faith    .    b - +0 kite shield
rNeg    . . .      Spirit   .    a - +0 robe
rPois   .          Reflect  .    (helmet restricted)
rElec   .          Harm     .    (no cloak)
rCorr   .          Rampage  .    (gloves unavailable)
Will    .....                    (boots unavailable)
Stlth   +                        (no amulet)
HPRegen 1.10/turn                (no ring)
MPRegen 0.09/turn                (no ring)

@: attractive, lightly drained
A: large, unfitting armour, claws 3, regeneration 1, shaggy fur 1, tough skin 1
a: Renounce Religion


You were on level 4 of the Dungeon.
You worshipped Wu Jian.
Wu Jian was noncommittal.
You visited 1 branch of the dungeon, and saw 4 of its levels.

You collected 187 gold pieces.

Inventory:

Missiles
 r - 7 poisoned darts (quivered)
Armour
 a - a +0 robe (worn)
 b - a +0 kite shield (worn)
Jewellery
 e - a ring of poison resistance
 g - a ring of willpower
 n - an amulet of faith
 p - a +5 ring of evasion
Wands
 t - a wand of flame (19)
Scrolls
 d - 2 scrolls of identify {unknown}
 h - 2 scrolls of immolation
 i - 3 scrolls of teleportation {unknown}
 j - 2 scrolls of silence {unknown}
 k - a scroll of fog {unknown}
 o - a scroll of poison {unknown}
 q - a scroll of torment {unknown}
 s - a scroll of fear {unknown}
 u - a scroll of enchant armour {unknown}
 v - a scroll of amnesia {unknown}
Potions
 c - a potion of might
 f - a potion of degeneration {unknown}
 m - a potion of flight {unknown}
 w - a potion of curing {unknown}
 x - a potion of lignification {unknown}


   Skills:
 + Level 3.8 Fighting
 - Level 2.4 Dodging
 + Level 4.2 Shields
 * Level 5.4 Unarmed Combat


You had 5 spell levels left.
You didn't know any spells.
Your spell library was empty.

Dungeon Overview and Level Annotations

Branches:
Dungeon (4/15)
 Temple: D:4-7

Altars:
Fedhas
Wu Jian

Shops:
D:1 ?


Innate Abilities, Weirdness & Mutations

You are too large for most types of armour.
You have claws for hands.
Your natural rate of healing is unusually fast.
You are covered in fur. (AC +1)
You have tough skin. (AC +1)


Message History

The wight hits you with a +0 war axe.
You feel drained. The wight hits you with a +2 hand axe.
You feel drained.
The wight hits you with a +0 short sword.
The wight attacks as you move away!
The wight hits you with a +0 short sword.
You feel drained.
Things that are here:
a +4 mace; a +0 robe The wight attacks as you move away!
You block the wight's attack. The wight attacks as you move away!
The wight hits you with a +0 war axe! The wight attacks as you move away!
The wight hits you with a +0 war axe!
* * * LOW HITPOINT WARNING * * *
The adder hisses angrily.
You claw the wight!
You destroy the wight!
The Council accepts your kill.
You barely miss the orc.
An orc comes into view. It is wielding a +0 trident.
The orc hits you but does no damage.
The orc shouts!
You scratch the wight.
The wight is almost destroyed.
The wight hits you with a +2 hand axe.
* * * LOW HITPOINT WARNING * * *
You block the orc's attack.
You barely miss the wight.
The wight is almost destroyed.
The wight hits you with a +2 hand axe.
* * * LOW HITPOINT WARNING * * *
You feel drained.
* * * LOW HITPOINT WARNING * * *
You block the orc's attack. The adder bites you but does no damage.
You barely miss the adder. The orc hits you with a +0 club.
* * * LOW HITPOINT WARNING * * *
You block the quokka's attack. The adder bites you.
* * * LOW HITPOINT WARNING * * *
It was a potion of attraction.
You feel attractive to monsters. The orc barely misses you.
The wight hits you with a +2 hand axe.
You die...

##...... .#
##......##.##
......#....#............
#.........##.#.........
#.........#..........#
...........# #......#
...........####rzS.#
......##..##...z@#
#.....##...#...o## .###.
#...<..#...#..(o# #.....
................##......
...............##.......
.............)## .......
..............)# ....o..
...............##.......
...................o.#


You could see 2 wights, an adder, 2 orcs and a quokka.

Vanquished Creatures
  Sigmund (D:3)
  3 wights (D:4)
  A hound (D:4)
  Jessica (D:2)
  A gnoll (D:1)
  3 adders
  A worm (D:2)
  6 dart slugs
  An orc (D:3)
  3 ball pythons
  10 bats
  6 endoplasms
  5 giant cockroaches
  A goblin (D:2)
  3 hobgoblins
  10 jackals
  4 quokkas
  A frilled lizard (D:1)
  8 kobolds
  4 rats
73 creatures vanquished.

Vanquished Creatures (others)
  2 fungi (D:3)
  3 plants (D:3)
5 creatures vanquished.

Grand Total: 78 creatures vanquished

Notes
Turn   | Place    | Note
-------+----------+-------------------------------------------
     0 | D:1      | Irreverend the Troll Fighter began the quest for the Orb.
     0 | D:1      | Reached XP level 1. HP: 22/22 MP: 0/0
    37 | D:1      | Found Fiammye's Magic Scroll Shoppe.
   118 | D:1      | Reached XP level 2. HP: 28/29 MP: 1/1
   647 | D:1      | Reached XP level 3. HP: 36/36 MP: 2/2
   778 | D:2      | Reached skill level 3 in Unarmed Combat
   844 | D:2      | Noticed Jessica
   847 | D:2      | Killed Jessica
   851 | D:2      | Reached XP level 4. HP: 44/44 MP: 3/3
  1147 | D:2      | Identified the +4 rapier "Vecserr" {distort, Fragile Will-
                  | Int+4 SInv}
  1364 | D:2      | You fall into a shaft and drop 2 floors!
  1383 | D:4      | Reached skill level 4 in Unarmed Combat
  1383 | D:4      | Reached XP level 5. HP: 51/53 MP: 4/4
  1465 | D:3      | Noticed Sigmund
  1477 | D:3      | Killed Sigmund
  1478 | D:3      | Reached XP level 6. HP: 57/61 MP: 5/5
  1539 | D:3      | Found a blossoming altar of Fedhas.
  1583 | D:3      | Found a faded altar of an unknown god.
  1816 | D:3      | Found an ornate altar of the Wu Jian Council.
  1828 | D:3      | Became a worshipper of the Wu Jian Council
  1933 | D:4      | Reached skill level 5 in Unarmed Combat
  1966 | D:4      | Slain by a wight

Illustrated notes

Levels and vault maps discovered:
D:1:      elethiomel_arrival_quiet, layout_loops_ring, serial_shops, shop,
          minmay_misc_feat_enclosed, corner_web_ring
D:2:      layout_loops_ring, uniq_jessica
D:3:      layout_basic, fedhas_altar_3, mainiacjoe_overflow_cross_hatched,
          hellmonk_ecumenical_altar_blasted, uniq_sigmund
D:4:      layout_cave_pools, ebering_ghost_sewer_d, nrook_mini_vaults

Skill      XL: |  1  2  3  4  5  6 |
---------------+-------------------+-----
Shields        | 3 4 |  4.2
Unarmed Combat | 3 4 5 |  5.4
Fighting       | 3 |  3.8
Dodging        | |  2.4

Action                     |  1- 3 |  4- 6 || total
---------------------------+-------+-------++-------
  Melee: Unarmed           |    64 |   127 ||   191
Ability: Lunge             |       |     1 ||     1
    Use: Potion            |       |     1 ||     1
 Armour: Robe              |    19 |    39 ||    58
  Dodge: Dodged            |    22 |    52 ||    74
  Block: Kite shield       |    25 |    50 ||    75

Table legend: (Time is in decaauts)
 A = Elapsed time spent in this place.
 B = Non-inter-level travel time spent in this place.
 C = Inter-level travel time spent in this place.
 D = Time resting spent in this place.
 E = Time spent auto-exploring this place.
 F = Levels seen in this place.
 G = Mean time per level.
                   A        B        C        D        E       F      G
               +--------+--------+--------+--------+--------+-----+--------+
         Total |   1977 |   1932 |     45 |      0 |   1372 |   4 |  494.2 |
       Dungeon |   1977 |   1932 |     45 |      0 |   1372 |   4 |  494.2 |
               +--------+--------+--------+--------+--------+-----+--------+

Top non-repeatable levels by time:
     D:1: 762 daAuts
     D:2: 612 daAuts
     D:3: 526 daAuts
     D:4: 75 daAuts
